 Dungeon Crawl Stone Soup version 0.25-b1-23-ge2ad7d536c (webtiles) character file.

Game seed: 1893706533983729661, levelgen mode: deterministic

7059 MajorAdolf the Covert (level 11, -9/97 HPs)
             Began as a Naga Wanderer on May 31, 2020.
             Was an Initiate of Gozag.
             Mangled by a catoblepas (25 damage)
             ... on level 2 of the Lair of Beasts.
             The game lasted 00:34:58 (17616 turns).

MajorAdolf the Covert (Naga Wanderer)              Turns: 17616, Time: 00:34:58

Health: -9/97      AC: 22    Str: 23    XL:     11   Next: 9%
Magic:  15/15      EV:  5    Int:  9    God:    Gozag
Gold:   150        SH: 15    Dex:  9    Spells: 12/12 levels left

rFire    + . .     SeeInvis +   b - +2 dagger (protect)
rCold    + . .     Gourm    .   t - +0 kite shield
rNeg     + . .     Faith    .   e - +0 ring mail of Benevolence {Slay+3} (curse)
rPois    +         Spirit   .   w - +1 helmet
rElec    .         Reflect  +   u - +1 cloak {MR+}
rCorr    .         Harm     .   (no gloves)
MR       ++...                  x - +0 naga barding {rC+}
Stlth    +++.......             i - amulet of reflection
HPRegen  0.26/turn              p - ring of positive energy
MPRegen  0.14/turn              B - ring of protection from fire

@: gold aura, protection aura, very slow
A: large, see invisible, deformed body, poison resistance, slowness 2, slow
metabolism 1, spit poison 1, AC +3
a: Spit Poison, Potion Petition, Call Merchant, Bribe Branch, Renounce Religion


You were on level 2 of the Lair of Beasts.
You worshipped Gozag.
Gozag was aware of your devotion.
You were not hungry.

You visited 3 branches of the dungeon, and saw 14 of its levels.

You collected 1286 gold pieces.
You spent 267 gold pieces at shops.
You paid 869 gold pieces to Gozag.

Inventory:

Hand Weapons
 a - a +0 hand crossbow
 b - a +2 dagger of protection (weapon)
 v - a +0 hand axe
 G - a +0 war axe
Missiles
 c - 81 bolts
 h - 139 arrows
Armour
 e - the cursed +0 ring mail of Benevolence (worn) {Slay+3}
   (You bought it in a shop on level 10 of the Dungeon)

   It affects your accuracy and damage with ranged weapons and melee attacks
   (+3).
   It has a curse placed upon it.
 t - a +0 kite shield (worn)
 u - a +1 cloak of magic resistance (worn)
 w - a +1 helmet (worn)
 x - a +0 naga barding of cold resistance (worn)
 F - a +3 leather armour
Magical Staves
 y - an uncursed staff of fire {unknown}
Jewellery
 i - an amulet of reflection (around neck)
 p - a ring of positive energy (left hand)
 s - an uncursed ring of fire
 z - an uncursed amulet of the acrobat {unknown}
 B - a ring of protection from fire (right hand)
 H - an uncursed ring of resist corrosion {unknown}
Wands
 A - a wand of iceblast (3)
Scrolls
 d - 2 scrolls of fog
 j - a scroll of amnesia
 k - 2 scrolls of enchant weapon
 m - 3 scrolls of identify
 q - 9 scrolls of remove curse
Potions
 g - 4 potions of haste
 l - a potion of might {unknown}
 n - 2 potions of stabbing
 o - a potion of curing
 r - 3 potions of lignification {unknown}
 C - a potion of cancellation {unknown}
 D - a potion of berserk rage {unknown}
Miscellaneous
 E - a box of beasts
Comestibles
 f - 19 rations


   Skills:
 + Level 6.1 Fighting
 + Level 8.1 Short Blades
 + Level 5.4 Axes
   Level 1.7 Bows
 - Level 0.3 Crossbows
 - Level 2.5 Armour
 + Level 10.2 Stealth
 + Level 6.3 Shields
 - Level 1.0 Spellcasting
   Level 1.0 Conjurations
   Level 1.0 Transmutations
 + Level 6.3 Evocations


You had 12 spell levels left.
You didn't know any spells.
Your spell library contained the following spells:

 Spells                   Type           Power        Failure   Level  Hunger
 Beastly Appendage        Tmut           #.....       56%         1    ##.....
 Foxfire                  Conj/Fire      #...         63%         1    ##.....
 Pain                     Necr           #...         71%         1    ##.....
 Sticks to Snakes         Tmut           #.......     71%         2    ###....
 Conjure Flame            Conj/Fire      #.......     94%         3    ####...
 Spider Form              Tmut/Pois      #.........   94%         3    ####...
 Confusing Touch          Hex            #.......     97%         3    ####...
 Gell's Gravitas          Tloc           #.........   97%         3    ####...
 Inner Flame              Hex/Fire       #.......     97%         3    ####...
 Vampiric Draining        Necr           #.........   97%         3    ####...
 Ice Form                 Ice/Tmut       #.......     100%        4    #####..
 Petrify                  Tmut/Erth      #.......     100%        4    #####..
 Sticky Flame             Conj/Fire      #.......     100%        4    #####..
 Blade Hands              Tmut           #.........   100%        5    ######.
 Fireball                 Conj/Fire      #.........   100%        5    ######.
 Metabolic Englaciation   Hex/Ice        #.........   100%        5    ######.
 Yara's Violent Unravell  Hex/Tmut       #.........   100%        5    ######.


Dungeon Overview and Level Annotations

Branches:
Dungeon (11/15)            Temple (1/1) D:7            Lair (2/6) D:10
  Swamp: Lair:2-4    Shoals: Lair:2-4     Snake: Lair:2-4    Spider: Lair:2-4
    Orc: D:9-12

Altars:
Ashenzari
Dithmenos
Elyvilon
Fedhas
Gozag
Kikubaaqudgha
Makhleb
Okawaru
Qazlal
Sif Muna
Uskayaw
Wu Jian

Shops:
D:10 [

Annotations:
D:8 Harold
D:9 exclusion: orange crystal statue
D:10 1 exclusion


Innate Abilities, Weirdness & Mutations

You cannot wear boots.
Your serpentine skin is tough. (AC +3)
You have supernaturally acute eyesight. (SInv)
Armour fits poorly on your strangely shaped body.
Your system is resistant to poisons. (rPois)
You cover ground very slowly.
You have a slow metabolism.
You can spit poison.


Message History

The spiny frog stops moving altogether!
The helpless spiny frog fails to defend itself.
You skewer the spiny frog like a kebab!!!
Your weapon exudes an aura of protection.
The spiny frog is almost dead.
The catoblepas gores you!!
* * * LOW HITPOINT WARNING * * *
The spiny frog is engulfed in calcifying dust.
The helpless spiny frog fails to defend itself.
You skewer the spiny frog like a kebab!!!
You kill the spiny frog!
The catoblepas gores you but does no damage.
Unknown command.
Unknown command.
You feel better. The catoblepas gores you!
* * * LOW HITPOINT WARNING * * *
Unknown command.
You feel better. The catoblepas gores you!!
You die...
Your body crumbles into a pile of gold.

### ## ####.# ###
#.P####.##$######.######.
.........................
...........$..$P#P#####..
#........$####
#......Y§..#
##......@§<##
##..........##
#.......$.§..#
##...........#
#..(.....!.##
##.........# #.........##
#...........#
##..).....$##


You could see a catoblepas.

Vanquished Creatures
  An elephant (D:10)
  2 spiny frogs (Lair:2)
  A centaur skeleton (D:10)
  2 trolls (D:9)
  2 hippogriffs
  A yak (D:10)
  A hungry ghost (D:9)
  A basilisk (D:10)
  2 water moccasins
  3 orc warriors
  3 sky beasts
  3 ogres
  A phantom (D:10)
  4 wolves (Lair:2)
  3 centaurs
  A crocodile (D:10)
  3 big kobolds
  7 bullfrogs
  A gnoll sergeant (D:8)
  3 scorpions
  6 howler monkeys
  3 crimson imps
  2 centaur zombies
  A quasit (D:10)
  5 jellies
  11 orc priests
  2 hounds
  8 orc wizards
  A bullfrog skeleton (D:6)
  An iguana (D:6)
  6 worker ants
  An ogre zombie (D:11)
  2 hound skeletons (D:5)
  8 gnolls
  A howler monkey skeleton (D:7)
  9 adders
  2 shadow imps
  An adder skeleton (D:4)
  An adder zombie (D:5)
  2 worms
  5 dart slugs
  7 leopard geckos
  51 orcs
  6 giant cockroaches
  5 goblins
  6 hobgoblins
  7 jackals (D:5)
  15 kobolds
  5 quokkas
  2 ball pythons (D:3)
  6 bats
  3 frilled lizards
  A jackal skeleton (D:5)
  A leopard gecko skeleton (D:5)
  2 quokka skeletons
  9 rats
249 creatures vanquished.

Vanquished Creatures (others)
  A kobold (D:11)
  2 fungi
  4 plants (Lair:2)
7 creatures vanquished.

Grand Total: 256 creatures vanquished

Notes
Turn   | Place    | Note
-------+----------+-------------------------------------------
     0 | D:1      | MajorAdolf the Naga Wanderer began the quest for the Orb.
     0 | D:1      | MajorAdolf set off with the following items: a +0 hand
                  | crossbow, 23 bolts, a +0 robe, a ration; and the following
                  | spells available to memorise: Beastly Appendage, Pain,
                  | Sticks to Snakes, Spider Form, Vampiric Draining, Ice Form,
                  | Blade Hands
     0 | D:1      | Reached XP level 1. HP: 15/15 MP: 2/2
   147 | D:1      | Reached skill level 1 in Fighting
   147 | D:1      | Reached XP level 2. HP: 25/25 MP: 3/3
   464 | D:1      | Reached XP level 3. HP: 32/32 MP: 4/4
  1278 | D:2      | Found a white marble altar of Elyvilon.
  1650 | D:2      | Found an opulent altar of Gozag.
  1734 | D:2      | Reached skill level 1 in Short Blades
  2497 | D:3      | Reached XP level 4. HP: 26/40 MP: 5/5
  3884 | D:3      | Reached skill level 1 in Shields
  3884 | D:3      | Reached XP level 5. HP: 40/46 MP: 6/6
  4841 | D:4      | You fall into a shaft and drop 1 floor!
  4841 | D:5      | Entered Level 5 of the Dungeon
  5147 | D:5      | Reached XP level 6. HP: 38/55 MP: 7/7
  5259 | D:5      | Noticed a sky beast
  5295 | D:5      | Killed a sky beast
  6220 | D:4      | Reached XP level 7. HP: 42/61 MP: 8/8
  6634 | D:6      | Reached skill level 2 in Stealth
  6780 | D:6      | Reached skill level 3 in Stealth
  7073 | D:5      | Reached skill level 5 in Short Blades
  7450 | D:5      | Reached skill level 4 in Stealth
  7584 | D:5      | Found a shattered altar of Ashenzari.
  8237 | D:6      | Reached XP level 8. HP: 68/68 MP: 9/9
  8632 | D:6      | Reached skill level 5 in Stealth
  9810 | D:7      | Found a staircase to the Ecumenical Temple.
  9840 | D:7      | Found an iron altar of Okawaru.
  9886 | D:7      | Reached skill level 1 in Axes
  9954 | Temple   | Entered the Ecumenical Temple
 10198 | D:7      | Reached skill level 6 in Stealth
 10553 | D:2      | Became a worshipper of Gozag Ym Sagoz the Greedy
 10867 | D:8      | Noticed Harold
 11161 | D:8      | Reached XP level 9. HP: 76/76 MP: 11/11
 11227 | D:7      | HP: 2/76 [orc warrior/+0 dire flail (11)]
 12019 | D:9      | Reached skill level 7 in Stealth
 12030 | D:9      | Noticed a troll
 12031 | D:9      | Noticed a troll
 12067 | D:9      | Killed a troll
 12702 | D:8      | Reached skill level 5 in Shields
 13314 | D:9      | Reached skill level 8 in Stealth
 13796 | D:9      | Found a burning altar of Makhleb.
 13837 | D:9      | Killed a troll
 13837 | D:9      | Reached XP level 10. HP: 87/87 MP: 13/13
 13970 | D:9      | Reached skill level 5 in Evocations
 14029 | D:9      | Found an ornate altar of the Wu Jian Council.
 14283 | D:9      | Noticed an orange crystal statue
 14392 | D:9      | Found a stormy altar of Qazlal.
 14451 | D:10     | Entered Level 10 of the Dungeon
 14483 | D:10     | Reached skill level 5 in Fighting
 14601 | D:10     | Reached skill level 9 in Stealth
 15733 | D:10     | Noticed an elephant
 16727 | D:10     | Bought the cursed +0 ring mail of Benevolence {Slay+3} for
                  | 267 gold pieces
 16830 | D:10     | Found a staircase to the Lair.
 17054 | D:10     | Killed an elephant
 17054 | D:10     | Reached skill level 5 in Axes
 17205 | D:10     | Noticed a vampire mage
 17249 | Lair:1   | Entered Level 1 of the Lair of Beasts
 17295 | Lair:1   | Noticed a seven-headed hydra
 17295 | Lair:1   | Noticed a spiny frog
 17319 | Lair:2   | Noticed a spiny frog
 17336 | Lair:2   | Killed a spiny frog
 17375 | Lair:2   | Reached skill level 10 in Stealth
 17375 | Lair:2   | Reached XP level 11. HP: 29/97 MP: 15/15
 17585 | Lair:2   | Noticed a catoblepas
 17616 | Lair:2   | Mangled by a catoblepas

Illustrated notes

Levels and vault maps discovered:
D:1:      scummos_arrival_simple_fountains, layout_basic, serial_glass,
          glass_columns_b, glass_columns_b, feat_on_display,
          kennysheep_decorative_pillar
D:2:      cheibrodos_old_hovel, layout_basic, grunt_gozag_breadcrumbs,
          elyvilon_altar_4
D:3:      layout_loops_corners, dk_noncrumbling_2
D:4:      layout_loops_ring
D:5:      layout_loops_ring, first_ration, minmay_holes, minmay_hedge_maze,
          evilmike_ruin_ashenzari
D:6:      layout_layer_cave, minmay_misc_feat_five
D:7:      layout_gridville, minmay_temple_entry_statues_fountains,
          grunt_livestock, st_stairs_7, okawaru_ov_weapons_minmay
D:8:      layout_basic, uniq_harold
D:9:      layout_loops_cross, kennysheep_mini, gammafunk_temple_overflow_statue,
          minivault_15
D:10:     layout_loops_ring, david_lair_generic, minmay_librarian
D:11:     layout_long_grid, zombieorc1_lemuel
Temple:   regret_index_temple_mists
Lair:1:   statuecave_lemuel, layout_gridlike
Lair:2:   layout_long_grid, serial_bayou_lagoon_b, grunt_megastairs_4

Skill      XL: |  1  2  3  4  5  6  7  8  9 10 11 |
---------------+----------------------------------+-----
Fighting       | 1 2 3 4 6 |  6.1
Short Blades   | 1 2 3 4 5 6 7 8 |  8.1
Shields        | 1 2 3 4 5 6 |  6.3
Stealth        | 4 6 8 10 | 10.2
Evocations     | 2 3 4 6 |  6.3
Axes           | 1 3 5 |  5.4
Bows           | |  1.7
Crossbows      | |  0.3
Armour         | |  2.5
Spellcasting   | |  1.0
Conjurations   | |  1.0
Transmutations | |  1.0

Action                   |  1- 3 |  4- 6 |  7- 9 | 10-12 || total
-------------------------+-------+-------+-------+-------++-------
Melee: Dagger            |    78 |   388 |   886 |   658 ||  2010
       Hand axe          |       |       |    30 |       ||    30
 Fire: Hand crossbow     |    43 |       |       |       ||    43
Invok: Call Merchant     |       |       |       |     1 ||     1
 Abil: Spit Poison       |     1 |    13 |    24 |     1 ||    39
Evoke: Wand              |       |       |    10 |     5 ||    15
  Use: Scroll            |       |       |    15 |     4 ||    19
       Potion            |       |       |     2 |     2 ||     4
 Stab: Sleeping          |     1 |     3 |     9 |     3 ||    16
       Invisible         |       |       |     3 |       ||     3
       Distracted        |       |       |     1 |     1 ||     2
       Petrified         |       |       |       |     4 ||     4
  Eat: Chunk             |     4 |    10 |    12 |       ||    26
       Ration            |       |       |     3 |     3 ||     6
Armor: Robe              |    46 |   121 |   239 |     7 ||   413
       Leather armour    |       |       |       |   148 ||   148
       Ring mail         |       |       |       |    94 ||    94
Dodge: Dodged            |    47 |    93 |   166 |   106 ||   412
Block: Kite shield       |       |   113 |   484 |   379 ||   976
       Reflection        |       |       |     1 |     6 ||     7
